Wolves vs Eagles
Created - March 23, 2022 at 19:02
Goals
|
| Wolves |
0 |
1 |
1 |
2 |
| Eagles |
0 |
2 |
2 |
4 |
|
Shots
|
| Wolves |
5 |
9 |
9 |
23 |
| Eagles |
2 |
9 |
11 |
22 |
|
1st period
No Goal
Penalties :
Dmitrij Jaskin (Col) for Hooking (Minor) at 1:15, Jake Evans (Chi) for Roughing (Minor) at 10:48
2nd period
1. Eagles , Zach Aston-Reese 5 (Anthony Duclair 5, Matteson Iacopelli 11) at 0:57
2. Wolves , Kyle Rau 21 (Jeffrey Foss 25) at 6:26
3. Eagles , Anthony Duclair 12 (Zach Aston-Reese 11) at 18:31
Penalties :
Dmitrij Jaskin (Col) for Hooking (Minor) at 2:41, Jakub Zboril (Chi) for Roughing (Minor) at 5:03, Jarred Tinordi (Col) for Hooking (Minor) at 6:16, Joe Morrow (Chi) for Tripping (Minor) at 13:36, Matteson Iacopelli (Col) for Hooking (Minor) at 16:06
3rd period
4. Wolves , Thomas Spelling 21 (Kyle Rau 42, Lawson Crouse 29) at 2:07
5. Eagles , Dmitrij Jaskin 28 (Tomas Tatar 17) at 2:27
6. Eagles , Tomas Tatar 21 (Matteson Iacopelli 12, John Ramage 17) at 19:32
Penalties :
Ryan Murphy (Col) for Tripping (Minor) at 10:03
Goalie Stats
Laurent Brossoit (Chi), 18 saves from 22 shots - (0.818), L, 23-6-4, 60:00 minutes
Marek Mazanek (Col), 21 saves from 23 shots - (0.913), W, 21-9-3, 60:00 minutes
Players Stats for Wolves
Player Name G A P +/- PIM S H SB GA TA FO MP PP MP PK MP
------------------------------------------------------------------------------------
Alexandre Grenier 0 0 0 -1 0 1 0 0 0 0 1/2 16:46 4:06 0:00
Anton Lindholm 0 0 0 -1 0 1 1 3 0 0 0/0 20:16 4:28 2:28
Antti Suomela 0 0 0 -2 0 0 1 0 0 0 2/3 13:40 0:00 0:25
Dylan Coghlan 0 0 0 0 0 0 0 0 0 0 0/0 0:00 0:00 0:00
Eric Robinson 0 0 0 0 0 1 0 0 0 0 0/0 4:52 0:12 1:13
Fredrik Olofsson 0 0 0 1 0 0 5 0 0 0 0/0 17:43 4:08 1:19
Jake Evans 0 0 0 -1 2 1 0 1 0 0 2/5 6:50 0:00 0:00
Jakub Zboril 0 0 0 0 2 3 1 0 0 0 0/0 9:45 0:41 0:00
Jalen Chatfield 0 0 0 0 0 1 0 1 0 0 0/0 10:02 0:00 0:49
Jeff Petry 0 0 0 -1 0 0 1 3 1 0 0/0 20:17 4:28 2:28
Jeffrey Foss 0 1 1 0 0 2 1 0 1 1 0/0 24:59 4:41 2:43
Joe Morrow 0 0 0 0 2 2 1 0 0 3 0/0 24:00 4:41 1:45
Kale Clague 0 0 0 -1 0 0 0 0 0 0 0/0 5:39 0:00 0:00
Kevin Stenlund 0 0 0 0 0 0 0 0 0 0 0/0 0:00 0:00 0:00
Kieffer Bellows 0 0 0 -1 0 0 2 0 0 0 0/0 11:09 0:00 0:00
Kyle Rau 1 1 2 2 0 2 2 0 0 1 5/15 20:11 4:47 2:34
Lawson Crouse 0 1 1 -2 0 1 0 2 0 0 0/1 23:33 4:34 2:18
Liam O'Brien 0 0 0 0 0 0 0 0 0 0 0/0 0:00 0:00 0:00
Matthew Highmore 0 0 0 0 0 0 0 0 0 0 0/0 0:00 0:00 0:00
Samuel Girard 0 0 0 -1 0 0 1 0 0 0 0/0 5:48 0:00 0:09
Sebastian Aho 0 0 0 -1 0 0 1 0 1 0 7/16 18:33 4:10 1:19
Thomas Spelling 1 0 1 0 0 4 1 0 0 0 0/0 19:03 4:10 1:14
Victor Olofsson 0 0 0 -1 0 3 1 1 1 0 0/0 13:56 0:27 0:00
Wade Allison 0 0 0 -1 0 1 0 0 0 0 0/1 6:23 0:00 0:00
Zachary Senyshyn 0 0 0 0 0 0 0 0 0 0 0/0 0:34 0:12 0:00
Players Stats for Eagles
Player Name G A P +/- PIM S H SB GA TA FO MP PP MP PK MP
------------------------------------------------------------------------------------
Anthony Duclair 1 1 2 2 0 1 0 1 0 1 1/2 16:37 0:06 2:27
Connor Carrick 0 0 0 0 0 0 0 0 1 0 0/0 19:38 2:07 3:52
Dmitrij Jaskin 1 0 1 1 4 3 1 0 1 0 1/1 18:49 2:38 0:00
Drake Caggiula 0 0 0 1 0 0 1 0 0 0 15/25 22:10 2:38 4:07
Jared McCann 0 0 0 -1 0 2 2 1 0 0 5/9 20:29 2:27 4:19
Jarred Tinordi 0 0 0 2 2 0 0 3 1 0 0/0 26:25 3:03 4:31
John Ramage 0 1 1 1 0 0 1 0 1 0 0/0 23:59 3:04 5:17
Jonathan Racine 0 0 0 0 0 1 0 1 0 0 0/0 14:30 0:00 1:04
Joseph Blandisi 0 0 0 -1 0 3 2 0 0 1 0/0 19:04 2:30 2:24
Matteson Iacopelli 0 2 2 3 2 0 1 0 0 0 0/0 13:31 0:03 0:00
Max Lajoie 0 0 0 0 0 0 0 1 0 0 0/0 4:20 0:00 0:00
Nick Cousins 0 0 0 -1 0 2 2 1 0 0 0/0 16:40 2:30 0:00
Pius Suter 0 0 0 0 0 0 0 0 0 0 0/0 0:00 0:00 0:00
Ryan Murphy 0 0 0 0 2 1 0 2 0 0 0/0 18:38 2:07 2:56
Sam Steel 0 0 0 0 0 0 0 0 0 0 0/0 0:00 0:00 0:00
Tomas Tatar 1 1 2 1 0 3 8 1 0 1 1/1 24:16 2:41 4:18
Tyler Motte 0 0 0 0 0 0 0 1 0 0 1/2 5:51 0:00 0:43
Xavier Ouellet 0 0 0 1 0 2 0 0 0 0 0/0 13:33 0:00 0:38
Zach Aston-Reese 1 1 2 2 0 4 0 0 1 1 2/3 11:30 0:00 0:00
3 Stars
1 - Tomas Tatar (Col)
2 - Anthony Duclair (Col)
3 - Zach Aston-Reese (Col)
Power Play
Wolves - 0 on 4 Attempt(s) - 0.00%
Eagles - 0 on 4 Attempt(s) - 0.00%
Penalty Kill
Wolves - 4 on 4 Attempt(s) - 100.00%
- Score 0 goal in Penalty Kill
Eagles - 4 on 4 Attempt(s) - 100.00%
- Score 0 goal in Penalty Kill
Team Stat
Wolves - Hits : 19 - Faceoff Wins : 17 - Blocked Shots : 11 - Penalty Minutes : 6
Eagles - Hits : 18 - Faceoff Wins : 26 - Blocked Shots : 12 - Penalty Minutes : 10
Official
Referees : Michael Markovic and Francis Charron
Linesman : Trent Knorr and Steve Miller
Game Notes
9:16 of 3rd period - Penalty Shot by Sebastian Aho for Wolves - Shot Misses the Net
Finance
Level 1 -- Attendance: 1799 (89.95%) -- Ticket Income $62,965
Level 2 -- Attendance: 949 (94.90%) -- Ticket Income $14,235
Total Attendance: 2748 (91.60%)
Total Ticket Income: $77,200
Other Income: $3,860
Total Income: $81,060
Wolves
5 vs 5 Forward
Center Left Wing Right Wing Time % Phy DF OF
1 Sebastian Aho Lawson Crouse Alexandre Grenier 40 1 2 2
2 Kyle Rau Fredrik Olofsson Thomas Spelling 30 1 2 2
3 Antti Suomela Kieffer Bellows Victor Olofsson 20 1 2 2
4 Jake Evans Lawson Crouse Wade Allison 10 1 2 2
5 vs 5 Defense
Defense Defense Time % Phy DF OF
1 Jeffrey Foss Joe Morrow 40 1 2 2
2 Anton Lindholm Jeff Petry 30 1 2 2
3 Jakub Zboril Jalen Chatfield 20 1 2 2
4 Samuel Girard Kale Clague 10 1 2 2
PowerPlay Forward
Center Left Wing Right Wing Time % Phy DF OF
1 Kyle Rau Lawson Crouse Alexandre Grenier 60 1 2 2
2 Sebastian Aho Fredrik Olofsson Thomas Spelling 40 1 2 2
PowerPlay Defense
Defense Defense Time % Phy DF OF
1 Jeffrey Foss Joe Morrow 60 1 2 2
2 Anton Lindholm Jeff Petry 40 1 2 2
Penalty Kill 4 Players Forward
Center Wing Time % Phy DF OF
1 Kyle Rau Lawson Crouse 60 1 2 2
2 Sebastian Aho Fredrik Olofsson 40 1 2 2
Penalty Kill 4 Players Defense
Defense Defense Time % Phy DF OF
1 Jeffrey Foss Joe Morrow 60 1 2 2
2 Anton Lindholm Jeff Petry 40 1 2 2
Penalty Kill - 3 Players Forward
Forward Time % Phy DF OF
1 Kyle Rau 60 1 2 2
2 Sebastian Aho 40 1 2 2
Penalty Kill - 3 Players Defense
Defense Defense Time % Phy DF OF
1 Jeffrey Foss Joe Morrow 60 1 2 2
2 Anton Lindholm Jeff Petry 40 1 2 2
4 vs 4 Forward
Center Wing Time % Phy DF OF
1 Kyle Rau Lawson Crouse 60 1 2 2
2 Sebastian Aho Fredrik Olofsson 40 1 2 2
4 vs 4 Defense
Defense Defense Time % Phy DF OF
1 Jeffrey Foss Joe Morrow 60 1 2 2
2 Anton Lindholm Jeff Petry 40 1 2 2
Last Minutes Offensive
Center Left Wing Right Wing Defense Defense
Kyle Rau Lawson Crouse Alexandre Grenier Jeffrey Foss Joe Morrow
Last Minutes Defensive
Center Left Wing Right Wing Defense Defense
Kyle Rau Lawson Crouse Alexandre Grenier Jeffrey Foss Joe Morrow
Goaltenders
Starting : Laurent Brossoit
Backup : Ebbe Siönäs
Extra Forwards
Normal : Thomas Spelling, Victor Olofsson, Antti Suomela - PP : Thomas Spelling, Victor Olofsson - PK : Thomas Spelling
Extra Defensemen
Normal : Jalen Chatfield, Samuel Girard, Kale Clague - PP : Jalen Chatfield - PK : Jalen Chatfield, Samuel Girard
Penalty Shots
Alexandre Grenier, Kyle Rau, Sebastian Aho, Lawson Crouse, Thomas Spelling
Scratches
Joona Koppanen (Healthy), Sergei Kostenko (Healthy)
Eagles
5 vs 5 Forward
Center Left Wing Right Wing Time % Phy DF OF
1 Drake Caggiula Tomas Tatar Dmitrij Jaskin 40 1 2 2
2 Jared McCann Joseph Blandisi Nick Cousins 30 1 2 2
3 Zach Aston-Reese Anthony Duclair Matteson Iacopelli 20 1 2 2
4 Tyler Motte Tomas Tatar Dmitrij Jaskin 10 1 2 2
5 vs 5 Defense
Defense Defense Time % Phy DF OF
1 Jarred Tinordi John Ramage 35 1 2 2
2 Ryan Murphy Connor Carrick 30 1 2 2
3 Jonathan Racine Xavier Ouellet 20 1 2 2
4 Max Lajoie Jarred Tinordi 15 1 2 2
PowerPlay Forward
Center Left Wing Right Wing Time % Phy DF OF
1 Drake Caggiula Tomas Tatar Dmitrij Jaskin 60 1 2 2
2 Jared McCann Joseph Blandisi Nick Cousins 40 1 2 2
PowerPlay Defense
Defense Defense Time % Phy DF OF
1 Jarred Tinordi John Ramage 60 1 2 2
2 Ryan Murphy Connor Carrick 40 1 2 2
Penalty Kill 4 Players Forward
Center Wing Time % Phy DF OF
1 Drake Caggiula Tomas Tatar 60 1 2 2
2 Jared McCann Joseph Blandisi 40 1 2 2
Penalty Kill 4 Players Defense
Defense Defense Time % Phy DF OF
1 Jarred Tinordi John Ramage 60 1 2 2
2 Ryan Murphy Connor Carrick 40 1 2 2
Penalty Kill - 3 Players Forward
Forward Time % Phy DF OF
1 Drake Caggiula 60 1 2 2
2 Jared McCann 40 1 2 2
Penalty Kill - 3 Players Defense
Defense Defense Time % Phy DF OF
1 Jarred Tinordi John Ramage 60 1 2 2
2 Ryan Murphy Connor Carrick 40 1 2 2
4 vs 4 Forward
Center Wing Time % Phy DF OF
1 Drake Caggiula Tomas Tatar 60 1 2 2
2 Jared McCann Joseph Blandisi 40 1 2 2
4 vs 4 Defense
Defense Defense Time % Phy DF OF
1 Jarred Tinordi John Ramage 60 1 2 2
2 Ryan Murphy Connor Carrick 40 1 2 2
Last Minutes Offensive
Center Left Wing Right Wing Defense Defense
Drake Caggiula Tomas Tatar Dmitrij Jaskin Jarred Tinordi John Ramage
Last Minutes Defensive
Center Left Wing Right Wing Defense Defense
Drake Caggiula Tomas Tatar Dmitrij Jaskin Jarred Tinordi John Ramage
Goaltenders
Starting : Marek Mazanek
Backup : Adin Hill
Extra Forwards
Normal : Drake Caggiula, Anthony Duclair, Jared McCann - PP : Drake Caggiula, Anthony Duclair - PK : Drake Caggiula
Extra Defensemen
Normal : Jonathan Racine, Xavier Ouellet, Max Lajoie - PP : Jonathan Racine - PK : Jonathan Racine, Xavier Ouellet
Penalty Shots
Tomas Tatar, Dmitrij Jaskin, Nick Cousins, Joseph Blandisi, Drake Caggiula
Scratches
Chris Calhan (Healthy), Daniel Carr (Dislocated Patella Injury), Dominik Kubalik (Healthy), Mark Friedman (Healthy), Michael Dal Colle (Healthy)
Stefan Elliott (Healthy), Keaton Middleton (Healthy), Pascal Laberge (Healthy), Antoine Bibeau (Healthy)
% Time on Ice - Wolves
Lines # - Real PCT - Wanted PCT - Time Play
Normal Forward
1 - 28% - 40% - 12:32
2 - 32% - 30% - 14:03
3 - 25% - 20% - 11:09
4 - 14% - 10% - 6:23
Normal Defense
1 - 39% - 40% - 17:01
2 - 30% - 30% - 13:09
3 - 21% - 20% - 9:05
4 - 11% - 10% - 4:52
PP Forward
1 - 54% - 60% - 4:59
2 - 46% - 40% - 4:10
PP Defense
1 - 51% - 60% - 4:41
2 - 49% - 40% - 4:28
PK Forward
1 - 75% - 60% - 3:52
2 - 25% - 40% - 1:19
PK Defense
1 - 52% - 60% - 2:43
2 - 48% - 40% - 2:28
PK3 Forward
1 - 0% - 60%
2 - 0% - 40%
PK3 Defense
1 - 0% - 60%
2 - 0% - 40%
44 Forward
1 - 100% - 60% - 0:46
2 - 0% - 40% - 0:00
44 Defense
1 - 74% - 60% - 0:34
2 - 26% - 40% - 0:12
Last Minute Offensive - 0:47
Last Minute Defensive - 0:00
Total
Forward - 60:00
Defense - 60:00
|
% Time on Ice - Eagles
Lines # - Real PCT - Wanted PCT - Time Play
Normal Forward
1 - 31% - 40% - 13:31
2 - 35% - 30% - 15:17
3 - 26% - 20% - 11:30
4 - 9% - 10% - 3:52
Normal Defense
1 - 32% - 35% - 13:56
2 - 30% - 30% - 13:14
3 - 29% - 20% - 12:40
4 - 10% - 15% - 4:20
PP Forward
1 - 52% - 60% - 2:41
2 - 48% - 40% - 2:30
PP Defense
1 - 59% - 60% - 3:04
2 - 41% - 40% - 2:07
PK Forward
1 - 75% - 60% - 6:52
2 - 25% - 40% - 2:17
PK Defense
1 - 58% - 60% - 5:17
2 - 42% - 40% - 3:52
PK3 Forward
1 - 0% - 60%
2 - 0% - 40%
PK3 Defense
1 - 0% - 60%
2 - 0% - 40%
44 Forward
1 - 100% - 60% - 0:46
2 - 0% - 40% - 0:00
44 Defense
1 - 100% - 60% - 0:46
2 - 0% - 40% - 0:00
Last Minute Offensive - 0:00
Last Minute Defensive - 0:44
Total
Forward - 60:00
Defense - 60:00
|
Play-by-Play
1st period
0:01 of 1st period - Sebastian Aho wins face-off versus Drake Caggiula in neutral zone.
0:04 of 1st period - Wrist shot by Alexandre Grenier.
0:04 of 1st period - Stopped by Marek Mazanek without a rebound.
0:05 of 1st period - Drake Caggiula wins face-off versus Sebastian Aho in Eagles zone.
0:36 of 1st period - Wrist shot by Joseph Blandisi.
0:36 of 1st period - Shot Misses the Net.
0:38 of 1st period - Snap shot by Jared McCann.
0:38 of 1st period - Stopped by Laurent Brossoit with a rebound.
0:40 of 1st period - Slapshot by John Ramage.
0:40 of 1st period - Shot Misses the Net.
0:42 of 1st period - Slapshot by Nick Cousins.
0:42 of 1st period - Stopped by Laurent Brossoit with a rebound.
1:04 of 1st period - Slapshot by Joe Morrow.
1:04 of 1st period - Deflect By Victor Olofsson.
1:04 of 1st period - Shot Blocked by Ryan Murphy.
1:04 of 1st period - Puck is out of play.
1:05 of 1st period - Jake Evans wins face-off versus Tyler Motte in Eagles zone.
1:15 of 1st period - Minor Penalty to Dmitrij Jaskin for Hooking.
1:16 of 1st period - Drake Caggiula wins face-off versus Kyle Rau in Eagles zone.
2:01 of 1st period - Drake Caggiula is hit by Kyle Rau and loses puck.
3:15 of 1st period - Penalty to Dmitrij Jaskin is over, Dmitrij Jaskin is back on ice.
4:38 of 1st period - Kyle Rau is hit by Tomas Tatar and loses puck.
4:54 of 1st period - Anthony Duclair is hit by Jakub Zboril and loses puck.
8:25 of 1st period - Jalen Chatfield is hit by Tomas Tatar and loses puck.
8:38 of 1st period - Wrist shot by Lawson Crouse.
8:38 of 1st period - Shot Misses the Net.
8:40 of 1st period - Slapshot by Anton Lindholm.
8:40 of 1st period - Stopped by Marek Mazanek with a rebound.
8:50 of 1st period - Connor Carrick is hit by Kyle Rau and loses puck.
9:13 of 1st period - Tomas Tatar is hit by Antti Suomela.
9:51 of 1st period - Anthony Duclair is hit by Fredrik Olofsson and loses puck.
10:48 of 1st period - Minor Penalty to Jake Evans for Roughing.
10:49 of 1st period - Kyle Rau wins face-off versus Jared McCann in Wolves zone.
12:07 of 1st period - Joe Morrow is hit by Tomas Tatar and loses puck.
12:48 of 1st period - Penalty to Jake Evans is over, Jake Evans is back on ice.
13:00 of 1st period - Sebastian Aho is hit by Matteson Iacopelli and loses puck.
13:56 of 1st period - Icing by Connor Carrick.
13:57 of 1st period - Antti Suomela wins face-off versus Drake Caggiula in Eagles zone.
13:58 of 1st period - Wrist shot by Victor Olofsson.
13:58 of 1st period - Stopped by Marek Mazanek with a rebound.
14:10 of 1st period - Sebastian Aho is hit by Jared McCann and loses puck.
14:21 of 1st period - Dmitrij Jaskin is hit by Jeffrey Foss.
14:30 of 1st period - Icing by Dmitrij Jaskin.
14:31 of 1st period - Tyler Motte wins face-off versus Sebastian Aho in Eagles zone.
14:36 of 1st period - Wrist shot by Dmitrij Jaskin.
14:36 of 1st period - Shot Misses the Net.
15:09 of 1st period - Wrist shot by Victor Olofsson.
15:09 of 1st period - Shot Misses the Net.
15:11 of 1st period - Wrist shot by Antti Suomela.
15:11 of 1st period - Shot Blocked by Anthony Duclair.
15:13 of 1st period - Snap shot by Antti Suomela.
15:13 of 1st period - Shot Misses the Net.
15:15 of 1st period - Snap shot by Jakub Zboril.
15:15 of 1st period - Stopped by Marek Mazanek without a rebound.
15:16 of 1st period - Drake Caggiula wins face-off versus Sebastian Aho in Eagles zone.
15:41 of 1st period - Joe Morrow is hit by Nick Cousins.
15:47 of 1st period - Snap shot by Thomas Spelling.
15:47 of 1st period - Shot Misses the Net.
16:09 of 1st period - Matteson Iacopelli is hit by Victor Olofsson and loses puck.
16:24 of 1st period - Lawson Crouse is hit by Tomas Tatar and loses puck.
16:35 of 1st period - Joseph Blandisi is hit by Samuel Girard and loses puck.
17:31 of 1st period - Wrist shot by Kyle Rau.
17:31 of 1st period - Shot Misses the Net.
18:25 of 1st period - Slapshot by Victor Olofsson.
18:25 of 1st period - Stopped by Marek Mazanek without a rebound.
18:26 of 1st period - Drake Caggiula wins face-off versus Antti Suomela in Eagles zone.
18:41 of 1st period - Wrist shot by Thomas Spelling.
18:41 of 1st period - Shot Blocked by Jonathan Racine.
Goals for this period are 0 for Wolves vs 0 for Eagles.
Shots for this period are 5 for Wolves vs 2 for Eagles.
2nd period
0:01 of 2nd period - Drake Caggiula wins face-off versus Sebastian Aho in neutral zone.
0:04 of 2nd period - Slapshot by Tomas Tatar.
0:04 of 2nd period - Shot Blocked by Lawson Crouse.
0:55 of 2nd period - Wrist shot by Anthony Duclair.
0:55 of 2nd period - Shot Misses the Net.
0:57 of 2nd period - Snap shot by Zach Aston-Reese.
0:57 of 2nd period - Deflect By Anton Lindholm.
0:57 of 2nd period - Goal by Zach Aston-Reese - Wolves : 0 - Eagles : 1.
0:58 of 2nd period - Drake Caggiula wins face-off versus Lawson Crouse in neutral zone.
1:23 of 2nd period - Jarred Tinordi is hit by Fredrik Olofsson and loses puck.
1:30 of 2nd period - Wrist shot by Kyle Rau.
1:30 of 2nd period - Shot Blocked by Jared McCann.
2:15 of 2nd period - Lawson Crouse is hit by Tomas Tatar and loses puck.
2:26 of 2nd period - Wrist shot by Thomas Spelling.
2:26 of 2nd period - Stopped by Marek Mazanek without a rebound.
2:27 of 2nd period - Kyle Rau wins face-off versus Jared McCann in Eagles zone.
2:34 of 2nd period - Wrist shot by Thomas Spelling.
2:34 of 2nd period - Stopped by Marek Mazanek without a rebound.
2:35 of 2nd period - Sebastian Aho wins face-off versus Drake Caggiula in Eagles zone.
2:41 of 2nd period - Minor Penalty to Dmitrij Jaskin for Hooking.
2:42 of 2nd period - Kyle Rau wins face-off versus Drake Caggiula in Eagles zone.
4:41 of 2nd period - Penalty to Dmitrij Jaskin is over, Dmitrij Jaskin is back on ice.
4:54 of 2nd period - Zach Aston-Reese is hit by Kieffer Bellows and loses puck.
5:03 of 2nd period - Minor Penalty to Jakub Zboril for Roughing.
5:04 of 2nd period - Drake Caggiula wins face-off versus Kyle Rau in Wolves zone.
6:04 of 2nd period - Snap shot by Thomas Spelling.
6:04 of 2nd period - Shot Misses the Net.
6:06 of 2nd period - Slapshot by Jeffrey Foss.
6:06 of 2nd period - Stopped by Marek Mazanek with a rebound.
6:08 of 2nd period - Slapshot by Jeffrey Foss.
6:08 of 2nd period - Shot Misses the Net.
6:10 of 2nd period - Snap shot by Eric Robinson.
6:10 of 2nd period - Stopped by Marek Mazanek without a rebound.
6:11 of 2nd period - Kyle Rau wins face-off versus Drake Caggiula in Eagles zone.
6:16 of 2nd period - Minor Penalty to Jarred Tinordi for Hooking.
6:17 of 2nd period - Drake Caggiula wins face-off versus Kyle Rau in Eagles zone.
6:26 of 2nd period - Slapshot by Kyle Rau.
6:26 of 2nd period - Goal by Kyle Rau - Wolves : 1 - Eagles : 1.
6:27 of 2nd period - Drake Caggiula wins face-off versus Kyle Rau in neutral zone.
6:40 of 2nd period - Wrist shot by Lawson Crouse.
6:40 of 2nd period - Shot Misses the Net.
7:03 of 2nd period - Penalty to Jakub Zboril is over, Jakub Zboril is back on ice.
7:17 of 2nd period - Ryan Murphy is hit by Anton Lindholm and loses puck.
7:36 of 2nd period - Lawson Crouse is hit by Jared McCann and loses puck.
8:16 of 2nd period - Penalty to Jarred Tinordi is over, Jarred Tinordi is back on ice.
9:17 of 2nd period - Slapshot by Jeffrey Foss.
9:17 of 2nd period - Shot Blocked by Jarred Tinordi.
9:19 of 2nd period - Snap shot by Thomas Spelling.
9:19 of 2nd period - Shot Blocked by Max Lajoie.
9:21 of 2nd period - Slapshot by Joe Morrow.
9:21 of 2nd period - Deflect By Joseph Blandisi.
9:21 of 2nd period - Stopped by Marek Mazanek without a rebound.
9:22 of 2nd period - Jared McCann wins face-off versus Jake Evans in Eagles zone.
9:27 of 2nd period - Thomas Spelling is hit by Joseph Blandisi and loses puck.
9:44 of 2nd period - Snap shot by Anthony Duclair.
9:44 of 2nd period - Shot Hit the Post.
10:02 of 2nd period - Snap shot by Tomas Tatar.
10:02 of 2nd period - Shot Misses the Net.
10:04 of 2nd period - Snap shot by Dmitrij Jaskin.
10:04 of 2nd period - Shot Misses the Net.
10:06 of 2nd period - Slapshot by Dmitrij Jaskin.
10:06 of 2nd period - Stopped by Laurent Brossoit without a rebound.
10:07 of 2nd period - Jared McCann wins face-off versus Sebastian Aho in Wolves zone.
10:08 of 2nd period - Slapshot by Nick Cousins.
10:08 of 2nd period - Shot Misses the Net.
10:10 of 2nd period - Slapshot by Xavier Ouellet.
10:10 of 2nd period - Stopped by Laurent Brossoit with a rebound.
10:12 of 2nd period - Snap shot by Jared McCann.
10:12 of 2nd period - Shot Blocked by Anton Lindholm.
10:14 of 2nd period - Wrist shot by Joseph Blandisi.
10:14 of 2nd period - Shot Misses the Net.
10:16 of 2nd period - Wrist shot by Jared McCann.
10:16 of 2nd period - Shot Misses the Net.
10:18 of 2nd period - Slapshot by Jonathan Racine.
10:18 of 2nd period - Shot Blocked by Anton Lindholm.
10:20 of 2nd period - Slapshot by Joseph Blandisi.
10:20 of 2nd period - Stopped by Laurent Brossoit with a rebound.
10:34 of 2nd period - Drake Caggiula is hit by Fredrik Olofsson and loses puck.
10:43 of 2nd period - Slapshot by Kyle Rau.
10:43 of 2nd period - Shot Misses the Net.
11:23 of 2nd period - Slapshot by Jarred Tinordi.
11:23 of 2nd period - Deflect By Nick Cousins.
11:23 of 2nd period - Shot Blocked by Jake Evans.
11:23 of 2nd period - Puck is out of play.
11:24 of 2nd period - Jared McCann wins face-off versus Jake Evans in Wolves zone.
11:31 of 2nd period - Wrist shot by Joseph Blandisi.
11:31 of 2nd period - Shot Blocked by Jeff Petry.
11:33 of 2nd period - Snap shot by Connor Carrick.
11:33 of 2nd period - Shot Blocked by Jeff Petry.
11:35 of 2nd period - Slapshot by Jared McCann.
11:35 of 2nd period - Stopped by Laurent Brossoit with a rebound.
11:37 of 2nd period - Snap shot by Ryan Murphy.
11:37 of 2nd period - Shot Blocked by Jeff Petry.
11:39 of 2nd period - Slapshot by Ryan Murphy.
11:39 of 2nd period - Stopped by Laurent Brossoit with a rebound.
12:16 of 2nd period - Snap shot by Jake Evans.
12:16 of 2nd period - Shot Misses the Net.
12:18 of 2nd period - Wrist shot by Jeffrey Foss.
12:18 of 2nd period - Shot Blocked by Jarred Tinordi.
12:28 of 2nd period - Wrist shot by Jeffrey Foss.
12:28 of 2nd period - Stopped by Marek Mazanek with a rebound.
12:30 of 2nd period - Snap shot by Jakub Zboril.
12:30 of 2nd period - Shot Misses the Net.
12:32 of 2nd period - Wrist shot by Jake Evans.
12:32 of 2nd period - Shot Misses the Net.
12:34 of 2nd period - Backhand shot by Lawson Crouse.
12:34 of 2nd period - Shot Hit the Post.
12:36 of 2nd period - Snap shot by Jake Evans.
12:36 of 2nd period - Shot Misses the Net.
12:38 of 2nd period - Slapshot by Jalen Chatfield.
12:38 of 2nd period - Stopped by Marek Mazanek without a rebound.
12:39 of 2nd period - Drake Caggiula wins face-off versus Kyle Rau in Eagles zone.
13:07 of 2nd period - Slapshot by Zach Aston-Reese.
13:07 of 2nd period - Shot Misses the Net.
13:16 of 2nd period - Snap shot by Thomas Spelling.
13:16 of 2nd period - Shot Misses the Net.
13:36 of 2nd period - Minor Penalty to Joe Morrow for Tripping.
13:37 of 2nd period - Kyle Rau wins face-off versus Drake Caggiula in Wolves zone.
14:02 of 2nd period - Lawson Crouse is hit by John Ramage and loses puck.
14:25 of 2nd period - Drake Caggiula is hit by Sebastian Aho and loses puck.
15:36 of 2nd period - Penalty to Joe Morrow is over, Joe Morrow is back on ice.
15:49 of 2nd period - Connor Carrick is hit by Kieffer Bellows and loses puck.
16:06 of 2nd period - Minor Penalty to Matteson Iacopelli for Hooking.
16:07 of 2nd period - Drake Caggiula wins face-off versus Kyle Rau in Eagles zone.
16:40 of 2nd period - Slapshot by Thomas Spelling.
16:40 of 2nd period - Deflect By Joseph Blandisi.
16:40 of 2nd period - Stopped by Marek Mazanek with a rebound.
18:06 of 2nd period - Penalty to Matteson Iacopelli is over, Matteson Iacopelli is back on ice.
18:27 of 2nd period - Wrist shot by Joseph Blandisi.
18:27 of 2nd period - Stopped by Laurent Brossoit without a rebound.
18:28 of 2nd period - Zach Aston-Reese wins face-off versus Wade Allison in Wolves zone.
18:31 of 2nd period - Wrist shot by Anthony Duclair.
18:31 of 2nd period - Goal by Anthony Duclair - Wolves : 1 - Eagles : 2.
18:32 of 2nd period - Dmitrij Jaskin wins face-off versus Sebastian Aho in neutral zone.
18:35 of 2nd period - Backhand shot by Tomas Tatar.
18:35 of 2nd period - Stopped by Laurent Brossoit without a rebound.
18:36 of 2nd period - Drake Caggiula wins face-off versus Alexandre Grenier in Wolves zone.
18:46 of 2nd period - Joe Morrow is hit by Tomas Tatar.
19:34 of 2nd period - Snap shot by Anthony Duclair.
19:34 of 2nd period - Shot Blocked by Anton Lindholm.
Goals for this period are 1 for Wolves vs 2 for Eagles.
Shots for this period are 9 for Wolves vs 9 for Eagles.
3rd period
0:01 of 3rd period - Sebastian Aho wins face-off versus Drake Caggiula in neutral zone.
0:34 of 3rd period - Snap shot by Thomas Spelling.
0:34 of 3rd period - Shot Misses the Net.
0:36 of 3rd period - Wrist shot by Thomas Spelling.
0:36 of 3rd period - Shot Misses the Net.
0:52 of 3rd period - Slapshot by John Ramage.
0:52 of 3rd period - Shot Misses the Net.
0:54 of 3rd period - Snap shot by Zach Aston-Reese.
0:54 of 3rd period - Stopped by Laurent Brossoit with a rebound.
0:56 of 3rd period - Slapshot by Zach Aston-Reese.
0:56 of 3rd period - Stopped by Laurent Brossoit with a rebound.
1:13 of 3rd period - Snap shot by Victor Olofsson.
1:13 of 3rd period - Shot Blocked by Nick Cousins.
1:31 of 3rd period - Slapshot by Jeff Petry.
1:31 of 3rd period - Deflect By Lawson Crouse.
1:31 of 3rd period - Shot Misses the Net.
1:31 of 3rd period - Puck is out of play.
1:32 of 3rd period - Drake Caggiula wins face-off versus Sebastian Aho in Eagles zone.
2:05 of 3rd period - Wrist shot by Thomas Spelling.
2:05 of 3rd period - Shot Misses the Net.
2:07 of 3rd period - Wrist shot by Kyle Rau.
2:07 of 3rd period - Deflect By Thomas Spelling.
2:07 of 3rd period - Goal by Thomas Spelling - Wolves : 2 - Eagles : 2.
2:08 of 3rd period - Sebastian Aho wins face-off versus Drake Caggiula in neutral zone.
2:21 of 3rd period - Wrist shot by Dmitrij Jaskin.
2:21 of 3rd period - Stopped by Laurent Brossoit without a rebound.
2:22 of 3rd period - Sebastian Aho wins face-off versus Drake Caggiula in Wolves zone.
2:27 of 3rd period - Snap shot by Dmitrij Jaskin.
2:27 of 3rd period - Goal by Dmitrij Jaskin - Wolves : 2 - Eagles : 3.
2:28 of 3rd period - Drake Caggiula wins face-off versus Sebastian Aho in neutral zone.
2:42 of 3rd period - Wrist shot by Alexandre Grenier.
2:42 of 3rd period - Shot Misses the Net.
2:54 of 3rd period - Jared McCann is hit by Fredrik Olofsson and loses puck.
3:17 of 3rd period - Snap shot by Joseph Blandisi.
3:17 of 3rd period - Shot Misses the Net.
3:19 of 3rd period - Snap shot by Matteson Iacopelli.
3:19 of 3rd period - Shot Misses the Net.
3:21 of 3rd period - Slapshot by Xavier Ouellet.
3:21 of 3rd period - Stopped by Laurent Brossoit with a rebound.
3:23 of 3rd period - Wrist shot by Matteson Iacopelli.
3:23 of 3rd period - Shot Misses the Net.
3:25 of 3rd period - Wrist shot by Anthony Duclair.
3:25 of 3rd period - Shot Blocked by Victor Olofsson.
3:54 of 3rd period - Thomas Spelling is hit by Nick Cousins and loses puck.
4:11 of 3rd period - Snap shot by Jake Evans.
4:11 of 3rd period - Stopped by Marek Mazanek with a rebound.
4:23 of 3rd period - Kieffer Bellows is hit by Tomas Tatar and loses puck.
5:23 of 3rd period - Dmitrij Jaskin is hit by Jeff Petry and loses puck.
5:30 of 3rd period - Dmitrij Jaskin is hit by Thomas Spelling and loses puck.
6:19 of 3rd period - Wrist shot by Kyle Rau.
6:19 of 3rd period - Deflect By Ryan Murphy.
6:19 of 3rd period - Stopped by Marek Mazanek without a rebound.
6:20 of 3rd period - Jared McCann wins face-off versus Kyle Rau in Eagles zone.
6:20 of 3rd period - Jared McCann is hit by Fredrik Olofsson.
6:39 of 3rd period - Off-side.
6:40 of 3rd period - Anthony Duclair wins face-off versus Sebastian Aho in neutral zone.
6:43 of 3rd period - Snap shot by John Ramage.
6:43 of 3rd period - Shot Misses the Net.
7:12 of 3rd period - Slapshot by Connor Carrick.
7:12 of 3rd period - Shot Hit the Post.
7:53 of 3rd period - Slapshot by Jeff Petry.
7:53 of 3rd period - Shot Blocked by Ryan Murphy.
8:22 of 3rd period - Slapshot by Joe Morrow.
8:22 of 3rd period - Deflect By Victor Olofsson.
8:22 of 3rd period - Stopped by Marek Mazanek without a rebound.
8:23 of 3rd period - Antti Suomela wins face-off versus Jared McCann in Eagles zone.
8:46 of 3rd period - Slapshot by Joe Morrow.
8:46 of 3rd period - Stopped by Marek Mazanek with a rebound.
9:11 of 3rd period - Slapshot by Anthony Duclair.
9:11 of 3rd period - Shot Misses the Net.
9:13 of 3rd period - Slapshot by Jonathan Racine.
9:13 of 3rd period - Stopped by Laurent Brossoit without a rebound.
9:14 of 3rd period - Alexandre Grenier wins face-off versus Jared McCann in Wolves zone.
9:16 of 3rd period - Penalty Shot by Sebastian Aho for Wolves.
9:16 of 3rd period - Backhand shot by Sebastian Aho.
9:16 of 3rd period - Shot Misses the Net.
9:17 of 3rd period - Sebastian Aho wins face-off versus Drake Caggiula in Wolves zone.
9:17 of 3rd period - Sebastian Aho is hit by Dmitrij Jaskin.
9:46 of 3rd period - Snap shot by Joseph Blandisi.
9:46 of 3rd period - Stopped by Laurent Brossoit without a rebound.
9:47 of 3rd period - Drake Caggiula wins face-off versus Kyle Rau in Wolves zone.
10:03 of 3rd period - Minor Penalty to Ryan Murphy for Tripping.
10:04 of 3rd period - Tomas Tatar wins face-off versus Kyle Rau in Eagles zone.
12:03 of 3rd period - Penalty to Ryan Murphy is over, Ryan Murphy is back on ice.
12:11 of 3rd period - Jarred Tinordi is hit by Joe Morrow and loses puck.
12:22 of 3rd period - Wrist shot by Jake Evans.
12:22 of 3rd period - Shot Blocked by Tyler Motte.
12:24 of 3rd period - Slapshot by Jakub Zboril.
12:24 of 3rd period - Stopped by Marek Mazanek without a rebound.
12:25 of 3rd period - Jake Evans wins face-off versus Zach Aston-Reese in Eagles zone.
12:26 of 3rd period - Wrist shot by Lawson Crouse.
12:26 of 3rd period - Stopped by Marek Mazanek without a rebound.
12:27 of 3rd period - Zach Aston-Reese wins face-off versus Jake Evans in Eagles zone.
13:12 of 3rd period - Thomas Spelling is hit by Tomas Tatar and loses puck.
13:27 of 3rd period - Snap shot by Matteson Iacopelli.
13:27 of 3rd period - Shot Misses the Net.
13:29 of 3rd period - Slapshot by Xavier Ouellet.
13:29 of 3rd period - Shot Blocked by Jalen Chatfield.
13:31 of 3rd period - Wrist shot by Zach Aston-Reese.
13:31 of 3rd period - Stopped by Laurent Brossoit with a rebound.
13:55 of 3rd period - Sebastian Aho is hit by Drake Caggiula and loses puck.
14:06 of 3rd period - Snap shot by Nick Cousins.
14:06 of 3rd period - Stopped by Laurent Brossoit with a rebound.
14:08 of 3rd period - Slapshot by Connor Carrick.
14:08 of 3rd period - Shot Blocked by Lawson Crouse.
14:20 of 3rd period - Snap shot by Antti Suomela.
14:20 of 3rd period - Shot Misses the Net.
14:40 of 3rd period - Snap shot by Jake Evans.
14:40 of 3rd period - Shot Misses the Net.
14:42 of 3rd period - Wrist shot by Jalen Chatfield.
14:42 of 3rd period - Shot Blocked by Tomas Tatar.
14:44 of 3rd period - Snap shot by Wade Allison.
14:44 of 3rd period - Stopped by Marek Mazanek with a rebound.
14:46 of 3rd period - Slapshot by Jakub Zboril.
14:46 of 3rd period - Stopped by Marek Mazanek with a rebound.
14:48 of 3rd period - Snap shot by Wade Allison.
14:48 of 3rd period - Shot Misses the Net.
14:50 of 3rd period - Slapshot by Jake Evans.
14:50 of 3rd period - Shot Blocked by Jarred Tinordi.
15:14 of 3rd period - Joe Morrow is hit by Joseph Blandisi and loses puck.
16:31 of 3rd period - Icing by Victor Olofsson.
16:32 of 3rd period - Jared McCann wins face-off versus Kyle Rau in Wolves zone.
19:30 of 3rd period - Wrist shot by Tomas Tatar.
19:30 of 3rd period - Stopped by Laurent Brossoit with a rebound.
19:32 of 3rd period - Wrist shot by Tomas Tatar.
19:32 of 3rd period - Goal by Tomas Tatar - Wolves : 2 - Eagles : 4.
19:33 of 3rd period - Sebastian Aho wins face-off versus Anthony Duclair in neutral zone.
Goals for this period are 1 for Wolves vs 2 for Eagles.
Shots for this period are 9 for Wolves vs 11 for Eagles.